% Time on Ice - BOISE CARIBOUS
Lines # - Real PCT - Wanted PCT - Time Play
Normal Forward
1 - 33% - 34% - 17:47
2 - 30% - 32% - 16:14
3 - 23% - 24% - 12:34
4 - 13% - 10% - 7:13
Normal Defense
1 - 35% - 36% - 18:40
2 - 36% - 36% - 19:10
3 - 30% - 28% - 15:58
4 - 0% - 0% - 0:00
PP Forward
1 - 75% - 55% - 1:05
2 - 25% - 45% - 0:22
PP Defense
1 - 75% - 55% - 1:05
2 - 25% - 45% - 0:22
PK Forward
1 - 60% - 55% - 1:11
2 - 40% - 45% - 0:48
PK Defense
1 - 45% - 55% - 0:53
2 - 55% - 45% - 1:06
PK3 Forward
1 - 0% - 55%
2 - 0% - 45%
PK3 Defense
1 - 0% - 55%
2 - 0% - 45%
44 Forward
1 - 50% - 55% - 0:59
2 - 50% - 45% - 1:00
44 Defense
1 - 50% - 55% - 1:00
2 - 50% - 45% - 0:59
Last Minute Offensive  - 0:47
Last Minute Defensive  - 0:00
Total
Forward - 60:00
Defense - 60:00
% Time on Ice - SALEM BLACK JAYS
Lines # - Real PCT - Wanted PCT - Time Play
Normal Forward
1 - 35% - 36% - 19:00
2 - 29% - 31% - 15:41
3 - 21% - 23% - 11:28
4 - 15% - 10% - 8:13
Normal Defense
1 - 32% - 36% - 17:33
2 - 32% - 31% - 17:35
3 - 29% - 23% - 15:55
4 - 6% - 10% - 3:19
PP Forward
1 - 60% - 55% - 1:11
2 - 40% - 45% - 0:48
PP Defense
1 - 60% - 55% - 1:11
2 - 40% - 45% - 0:48
PK Forward
1 - 63% - 55% - 0:55
2 - 37% - 45% - 0:32
PK Defense
1 - 59% - 55% - 0:51
2 - 41% - 45% - 0:36
PK3 Forward
1 - 0% - 55%
2 - 0% - 45%
PK3 Defense
1 - 0% - 55%
2 - 0% - 45%
44 Forward
1 - 34% - 55% - 0:40
2 - 66% - 45% - 1:19
44 Defense
1 - 34% - 55% - 0:40
2 - 66% - 45% - 1:19
Last Minute Offensive  - 0:00
Last Minute Defensive  - 0:13
Total
Forward - 60:00
Defense - 60:00
Play-by-Play 1st period 0:01 of 1st period - Mathew Barzal wins face-off versus Tim Stutzle in neutral zone. 0:10 of 1st period - Shot by Mitchell Marner. 0:10 of 1st period - Shot Misses the Net. 0:26 of 1st period - Shot by Vincent Trocheck. 0:26 of 1st period - Stopped by Juuse Saros with a rebound. 0:55 of 1st period - Icing by Rasmus Dahlin. 0:56 of 1st period - Dylan Larkin wins face-off versus Vincent Trocheck in BOISE CARIBOUS zone. 1:11 of 1st period - Shot by Barrett Hayton. 1:11 of 1st period - Stopped by Ilya Sorokin with a rebound. 1:13 of 1st period - Shot by Scott Mayfield. 1:13 of 1st period - Stopped by Ilya Sorokin without a rebound. 1:14 of 1st period - Jean-Gabriel Pageau wins face-off versus Dylan Cozens in BOISE CARIBOUS zone. 1:20 of 1st period - Off-side. 1:21 of 1st period - Dylan Cozens wins face-off versus Charlie Coyle in neutral zone. 1:24 of 1st period - Dylan DeMelo is hit by Josh Archibald and loses puck. 1:41 of 1st period - Shot by Dylan Cozens. 1:41 of 1st period - Shot Hit the Post. 1:43 of 1st period - Shot by Dylan Cozens. 1:43 of 1st period - Goal by Dylan Cozens - BOISE CARIBOUS : 0 - SALEM BLACK JAYS : 1. 1:44 of 1st period - Jean-Gabriel Pageau wins face-off versus Dylan Larkin in neutral zone. 1:55 of 1st period - Shot by Dylan Larkin. 1:55 of 1st period - Stopped by Ilya Sorokin without a rebound. 1:56 of 1st period - Filip Chytil wins face-off versus Jesperi Kotkaniemi in BOISE CARIBOUS zone. 2:28 of 1st period - Theodor Blueger is hit by Moritz Seider and loses puck. 2:56 of 1st period - Shot by Artturi Lehkonen. 2:56 of 1st period - Stopped by Juuse Saros without a rebound. 2:57 of 1st period - Dylan Larkin wins face-off versus Charlie Coyle in SALEM BLACK JAYS zone. 3:02 of 1st period - Rasmus Dahlin is hit by Dylan Larkin. 3:29 of 1st period - Off-side. 3:30 of 1st period - Jean-Gabriel Pageau wins face-off versus Mathew Barzal in neutral zone. 3:39 of 1st period - Shot by Jean-Gabriel Pageau. 3:39 of 1st period - Deflect By Artturi Lehkonen. 3:39 of 1st period - Shot Misses the Net. 3:51 of 1st period - Shot by Mitchell Marner. 3:51 of 1st period - Shot Blocked by Dylan DeMelo. 4:11 of 1st period - Shot by Mathew Barzal. 4:11 of 1st period - Shot Blocked by Troy Stecher. 4:37 of 1st period - Nick Schmaltz is hit by Joshua Morrissey and loses puck. 5:15 of 1st period - Tim Stutzle is hit by Cody Ceci and loses puck. 5:30 of 1st period - Shot by Barrett Hayton. 5:30 of 1st period - Shot Misses the Net. 5:59 of 1st period - Shot by Rasmus Dahlin. 5:59 of 1st period - Stopped by Juuse Saros without a rebound. 6:00 of 1st period - Artturi Lehkonen wins face-off versus Mathew Barzal in SALEM BLACK JAYS zone. 6:06 of 1st period - Icing by Mikko Rantanen. 6:07 of 1st period - Jean-Gabriel Pageau wins face-off versus Mathew Barzal in SALEM BLACK JAYS zone. 6:07 of 1st period - Artturi Lehkonen is hit by Matt Benning and loses puck. 6:24 of 1st period - Shot by Mathew Barzal. 6:24 of 1st period - Stopped by Ilya Sorokin with a rebound. 6:26 of 1st period - Shot by Mikko Rantanen. 6:26 of 1st period - Stopped by Ilya Sorokin with a rebound. 6:28 of 1st period - Shot by Mitchell Marner. 6:28 of 1st period - Shot Blocked by Rasmus Andersson. 6:48 of 1st period - Shot by Jean-Gabriel Pageau. 6:48 of 1st period - Shot Blocked by Matt Benning. 8:05 of 1st period - Icing by Marcus Pettersson. 8:06 of 1st period - Filip Chytil wins face-off versus Vincent Trocheck in BOISE CARIBOUS zone. 8:48 of 1st period - Shot by Lawson Crouse. 8:48 of 1st period - Shot Blocked by Scott Mayfield. 9:01 of 1st period - Charlie Coyle is hit by Cody Ceci and loses puck. 9:52 of 1st period - Artturi Lehkonen is hit by Joshua Morrissey. 10:39 of 1st period - Kirill Marchenko is hit by Joshua Morrissey and loses puck. 11:39 of 1st period - Shot by Dylan Larkin. 11:39 of 1st period - Stopped by Ilya Sorokin without a rebound. 11:40 of 1st period - Dylan Cozens wins face-off versus Charlie Coyle in BOISE CARIBOUS zone. 12:05 of 1st period - Shot by Josh Archibald. 12:05 of 1st period - Stopped by Ilya Sorokin without a rebound. 12:06 of 1st period - Jean-Gabriel Pageau wins face-off versus Dylan Larkin in BOISE CARIBOUS zone. 12:17 of 1st period - Shot by Dylan Larkin. 12:17 of 1st period - Stopped by Ilya Sorokin without a rebound. 12:18 of 1st period - Vincent Trocheck wins face-off versus Dylan Larkin in BOISE CARIBOUS zone. 12:35 of 1st period - Shot by Tim Stutzle. 12:35 of 1st period - Deflect By Vincent Trocheck. 12:35 of 1st period - Stopped by Juuse Saros without a rebound. 12:36 of 1st period - Jean-Gabriel Pageau wins face-off versus Daniel Sprong in SALEM BLACK JAYS zone. 13:38 of 1st period - Icing by Moritz Seider. 13:39 of 1st period - Charlie Coyle wins face-off versus Mathew Barzal in BOISE CARIBOUS zone. 13:53 of 1st period - Moritz Seider is hit by Matt Benning and loses puck. 14:01 of 1st period - Minor Penalty to Mathew Barzal for Interference. 14:02 of 1st period - Vincent Trocheck wins face-off versus Theodor Blueger in SALEM BLACK JAYS zone. 14:03 of 1st period - Shot by Rasmus Dahlin. 14:03 of 1st period - Shot Misses the Net. 14:09 of 1st period - Shot by Rasmus Dahlin. 14:09 of 1st period - Stopped by Juuse Saros with a rebound. 14:16 of 1st period - Shot by Rasmus Dahlin. 14:16 of 1st period - Shot Misses the Net. 14:18 of 1st period - Shot by Rasmus Dahlin. 14:18 of 1st period - Shot Misses the Net. 14:20 of 1st period - Shot by Rasmus Dahlin. 14:20 of 1st period - Stopped by Juuse Saros without a rebound. 14:21 of 1st period - Jean-Gabriel Pageau wins face-off versus Theodor Blueger in SALEM BLACK JAYS zone. 14:40 of 1st period - Shot by Lawson Crouse. 14:40 of 1st period - Stopped by Juuse Saros without a rebound. 14:41 of 1st period - Vincent Trocheck wins face-off versus Theodor Blueger in SALEM BLACK JAYS zone. 15:26 of 1st period - Shot by Artturi Lehkonen. 15:26 of 1st period - Stopped by Juuse Saros without a rebound. 15:27 of 1st period - Jean-Gabriel Pageau wins face-off versus Theodor Blueger in SALEM BLACK JAYS zone. 15:28 of 1st period - Shot by Moritz Seider. 15:28 of 1st period - Goal by Moritz Seider - BOISE CARIBOUS : 1 - SALEM BLACK JAYS : 1. 15:29 of 1st period - Charlie Coyle wins face-off versus Dylan Larkin in neutral zone. 16:10 of 1st period - Shot by Gabriel Vilardi. 16:10 of 1st period - Shot Misses the Net. 16:38 of 1st period - Shot by Tim Stutzle. 16:38 of 1st period - Shot Misses the Net. 16:40 of 1st period - Shot by Nick Schmaltz. 16:40 of 1st period - Goal by Nick Schmaltz - BOISE CARIBOUS : 2 - SALEM BLACK JAYS : 1. 16:41 of 1st period - Jean-Gabriel Pageau wins face-off versus Mathew Barzal in neutral zone. 16:50 of 1st period - Shot by Artturi Lehkonen. 16:50 of 1st period - Stopped by Juuse Saros without a rebound. 16:51 of 1st period - Mathew Barzal wins face-off versus Vincent Trocheck in SALEM BLACK JAYS zone. 16:59 of 1st period - Icing by Rasmus Dahlin. 17:00 of 1st period - Vincent Trocheck wins face-off versus Mathew Barzal in BOISE CARIBOUS zone. 17:00 of 1st period - Vincent Trocheck is hit by Mitchell Marner. 17:10 of 1st period - Shot by Nick Schmaltz. 17:10 of 1st period - Stopped by Juuse Saros without a rebound. 17:11 of 1st period - Jean-Gabriel Pageau wins face-off versus Dylan Cozens in SALEM BLACK JAYS zone. 17:30 of 1st period - Shot by Artturi Lehkonen. 17:30 of 1st period - Stopped by Juuse Saros with a rebound. 18:08 of 1st period - Minor Penalty to Marcus Pettersson for Hooking. 18:09 of 1st period - Vinc